[Event "NJSK 2023 Jeugd A"]
[Site "Almelo, Netherlands"]
[Date "2023.04.30"]
[Round "1.1"]
[White "De Winter, Arthur"]
[Black "Alvares, Thomas"]
[Result "1/2-1/2"]
[TimeControl "90min/40moves + 30min + 30sec/move"]
[WhiteElo "2374"]
[BlackElo "1825"]

1. e4 c5 2. Nf3 d6 3. d4 cxd4 4. Nxd4 Nf6 5. Nc3 a6 6. Bd3 e5 7. Nde2 Be7 8. O-O Nbd7 9. Ng3 Nc5 10. Be2 Be6 11.
b4 Ncd7 12. Nf5 Bxf5 13. exf5 Qc7 14. Qd3 Rc8 15. Bd2 Nb6 16. a4 Nc4 17. Be1 O-O 18. g4 h6 19. h4 Nh7 20. Nd5 Qd8 21.
Qe4 Nb6 22. Nxe7+ Qxe7 23. a5 Nf6 24. Qf3 Nc4 25. Rd1 Rfd8 26. g5 hxg5 27. hxg5 Nh7 28. g6 Qg5+ 29. Kh2 Qh4+ 30. Kg2 Qg5+ 31.
Kh1 Qh4+ 32. Kg2 Qg5+ 33. Kh2 Qh4+ 34. Kg2 Qg5+ 1/2-1/2

[Event "NJSK 2023 Jeugd A"]
[Site "Almelo, Netherlands"]
[Date "2023.04.30"]
[Round "1.2"]
[White "Knol, Daniel"]
[Black "Van der Hagen, Loek"]
[Result "0-1"]
[TimeControl "90min/40moves + 30min + 30sec/move"]
[WhiteElo "1819"]
[BlackElo "2273"]

1. e4 g6 2. d4 Bg7 3. Nc3 d6 4. Be3 c6 5. g3 Nf6 6. Bg2 Ng4 7. Bc1 O-O 8. h3 Nf6 9. Nge2 Na6 10.
O-O c5 11. Be3 cxd4 12. Nxd4 Nc5 13. g4 Bd7 14. g5 Nh5 15. h4 Ne6 16. Nd5 Nxd4 17. Bxd4 Bxd4 18. Qxd4 e5 19. Qb4 Bc6 20.
Bf3 Bxd5 21. Bxh5 a5 22. Qe1 Be6 23. Bf3 f6 24. Qe3 fxg5 25. hxg5 Rf4 26. Rad1 Qxg5+ 27. Bg2 Rd8 28. Rd3 Bc4 0-1

[Event "NJSK 2023 Jeugd A"]
[Site "Almelo, Netherlands"]
[Date "2023.04.30"]
[Round "1.3"]
[White "Slagboom, Leandro"]
[Black "Van Rootselaar, Rik"]
[Result "1-0"]
[TimeControl "90min/40moves + 30min + 30sec/move"]
[WhiteElo "2228"]
[BlackElo "1812"]

1. e4 c5 2. Nf3 d6 3. d4 cxd4 4. Nxd4 Nf6 5. Nc3 a6 6. Be2 e5 7. Nb3 Be7 8. O-O Qc7 9. Be3 b5 10.
a4 b4 11. Nd5 Nxd5 12. exd5 O-O 13. a5 Nd7 14. Ra4 Rb8 15. Qd2 f5 16. f4 Nf6 17. Bb6 Qb7 18. Rd1 Ne4 19. Qe3 exf4 20.
Qxf4 g5 21. Qf1 Bf6 22. Nd4 Qg7 23. Rxb4 g4 24. Bxa6 Be5 25. g3 Bxa6 26. Qxa6 Qh6 27. Nxf5 Rxf5 28. Rxe4 Rh5 29. Qe2 Kh8 30.
Bd4 Bxd4+ 31. Rdxd4 Rxh2 32. Re8+ 1-0

[Event "NJSK 2023 Jeugd A"]
[Site "Almelo, Netherlands"]
[Date "2023.04.30"]
[Round "1.4"]
[White "Bon, Gijs"]
[Black "Achuthan, Dylan"]
[Result "0-1"]
[TimeControl "90min/40moves + 30min + 30sec/move"]
[WhiteElo "1805"]
[BlackElo "2045"]

1. e4 c5 2. Nf3 Nc6 3. c3 Nf6 4. e5 Nd5 5. d4 cxd4 6. cxd4 d6 7. Bc4 Nb6 8. Bb3 dxe5 9. d5 Na5 10.
Nc3 Nxb3 11. Qxb3 e6 12. Bg5 Be7 13. Bxe7 Qxe7 14. Nxe5 O-O 15. O-O exd5 16. Nf3 Rd8 17. Rad1 Qc5 18.
Rd4 Be6 19. Rfd1 h6 20. h3 Rac8 21. Ne5 Rb8 22. a3 Rbc8 23. Qa2 Rd6 24. Qb1 Rcd8 25. Qd3 a6 26. Qd2 Nc8 27. b4 Qc7 28. Na4 Ne7 29. Nc5 Nf5 30. Rd3 Bc8 31. Rc1 Qe7 32. Re1 Qf6 33.
Ng4 Qg5 34. f4 Qh4 35. Ne5 h5 36. Nf3 Qf6 37. Re5 b6 38. Nb3 Bb7 39. Qe1 g6 40. Kh2 h4 41. Nbd4 Ng3 42. Nxh4 Ne4 43.
Nhf3 Qxf4+ 44. Kg1 Rc8 45. Ne2 Qf6 46. Qh4 Qxh4 47. Nxh4 Rf6 48. Re7 Bc6 49. Nd4 Ba4 50. Nhf3 Rc1+ 51.
Kh2 Nf2 52. Rde3 Rh1+ 53. Kg3 Ne4+ 54. Kh4 Rf4+ 55. g4 f5 56. Ne6 Rxg4# 0-1

[Event "NJSK 2023 Jeugd A"]
[Site "Almelo, Netherlands"]
[Date "2023.04.30"]
[Round "1.5"]
[White "Groen, Jari"]
[Black "Smid, Jelle"]
[Result "0-1"]
[TimeControl "90min/40moves + 30min + 30sec/move"]
[WhiteElo "2028"]
[BlackElo "1776"]

1. e4 e6 2. d4 d5 3. Nc3 Nf6 4. e5 Nfd7 5. f4 c5 6. Nf3 Nc6 7. Be3 Be7 8. Qd2 O-O 9. O-O-O c4 10.
f5 b5 11. fxe6 fxe6 12. Ne2 b4 13. Bg5 c3 14. Qe3 Rxf3 15. gxf3 Bxg5 16. f4 cxb2+ 17. Kxb2 Nb6 18. Nc1 Na5 19.
Qg3 Na4+ 20. Ka1 Qc7 21. c4 Bh6 22. c5 Nc3 23. Re1 Nc6 24. Qe3 Qf7 25. Nd3 a5 26. Be2 Nxe2 27. Rxe2 Ba6 28.
Rf2 Rb8 29. Nb2 Bb5 30. Rg1 a4 31. Kb1 Qf5+ 32. Kc1 a3 33. Nd1 Ba4 34. Qd2 b3 35. axb3 Rxb3 36. Qa2 Bxf4+ 0-1

[Event "NJSK 2023 Jeugd A"]
[Site "Almelo, Netherlands"]
[Date "2023.04.30"]
[Round "1.6"]
[White "Wierenga, Jael"]
[Black "Goudriaan, Rafael"]
[Result "1-0"]
[TimeControl "90min/40moves + 30min + 30sec/move"]
[WhiteElo "1772"]
[BlackElo "1992"]

1. d4 d5 2. Nc3 c6 3. Bf4 Nf6 4.
e3 Bf5 5. Nf3 Nh5 6. Ne5 Nxf4 7. exf4 h6 8. Bd3 Bxd3 9. Qxd3 Nd7 10. Ng6 Rg8 11. O-O-O Qc7 12. Ne5 Nf6 13. g3 e6 14.
f5 O-O-O 15. fxe6 fxe6 16. Rhe1 Bd6 17. Qg6 Bxe5 18. Rxe5 Rde8 19. Rde1 Qb6 20. Qd3 Ng4 21. Rxe6 Rxe6 22.
Rxe6 Nxh2 23. Nxd5 Qa5 24. Ne7+ Kd7 25. Re5 Qxa2 26. Nxg8 Qxg8 27. d5 cxd5 28. Rxd5+ Kc7 29. Rd7+ Kc8 30.
Qb5 1-0

[Event "NJSK 2023 Jeugd A"]
[Site "Almelo, Netherlands"]
[Date "2023.04.30"]
[Round "1.7"]
[White "Boeren, Jurriaan"]
[Black "Adams, Oscar"]
[Result "1-0"]
[TimeControl "90min/40moves + 30min + 30sec/move"]
[WhiteElo "1979"]
[BlackElo "1760"]

1. e4 c5 2. Nf3 d6 3. Bb5+ Nc6 4. O-O Bg4 5. c3 a6 6. Bxc6+ bxc6 7. h3 Bh5 8. Re1 e5 9. d3 Be7 10.
Nbd2 Nf6 11. Qa4 Qc8 12. d4 exd4 13. cxd4 Nd7 14. d5 O-O 15. g4 Bg6 16. Nc4 Rb8 17. Qxc6 Qxc6 18. dxc6 Nb6 19.
Na5 Rfe8 20. Bf4 Bf8 21. e5 d5 22. Nb7 Rxb7 23. cxb7 Rb8 24. e6 Rxb7 25. Ne5 c4 26. Nxg6 hxg6 27.
Rad1 fxe6 28. Rxe6 Kf7 29. Rc6 Na4 30. Rxd5 Nxb2 31. Be5 Na4 32. Ra5 Rb4 33. Kg2 Nb6 34. Rxa6 Na4 35. a3 1-0

[Event "NJSK 2023 Jeugd A"]
[Site "Almelo, Netherlands"]
[Date "2023.04.30"]
[Round "1.8"]
[White "Moskalets, Sofiia"]
[Black "Van Kuijk, Vadim"]
[Result "0-1"]
[TimeControl "90min/40moves + 30min + 30sec/move"]
[WhiteElo "1722"]
[BlackElo "1968"]

1. e4 c6 2. d4 d5 3. e5 Bf5 4. h4 h5 5. c4 e6 6. Nc3 dxc4 7. Bxc4 Nd7 8. Bd3 Bxd3 9. Qxd3 Nxe5 10.
Qe4 Ng4 11. Nge2 N8f6 12. Qc2 Qc7 13. f3 Nh6 14. Bg5 Nf5 15. O-O-O Bd6 16. Rd3 Ng3 17. Nxg3 Bxg3 18. Qd2 Bd6 19.
Kb1 O-O-O 20. Rc1 Qa5 21. Bxf6 gxf6 22. d5 exd5 23. Rxd5 Bc5 24. Rxd8+ Rxd8 25. Qc2 Bd4 26. Ne4 Be5 27.
Rd1 Rxd1+ 28. Qxd1 Qd5 29. Qe2 f5 30. Nd2 Bg3 31. Nc4 Qe6 32. Qd3 Bxh4 33. Nd6+ Kc7 34. Nxf5 Bf6 35. Ne3 Qe5 36.
Qb3 Qe8 37. a3 Qe6 38. Qd3 Bg5 39. Nc2 Qd6 40. Qe2 Kd7 41. Nb4 f6 42. Qe4 Kc7 43. Nd3 Qd5 44. Qe7+ Kb6 45. Qb4+ Qb5 46.
Qd4+ c5 47. Qd8+ Ka6 48. f4 Bh4 49. g3 Bxg3 50. b4 Bf2 51. Nxf2 cxb4 52. Qd6+ Ka5 53. Qd2 Ka4 54. Qd1+ Kxa3 55.
Nd3 Qc4 56. Nc1 b3 57. Qd6+ Ka4 58. Qd7+ Ka5 59. Qd2+ Ka6 60. Qd6+ Kb5 61. Qd7+ Kc5 62. Qe7+ Kd4 63. Qxf6+ Ke3 64.
Qe7+ Qe4+ 65. Qxe4+ Kxe4 66. Nxb3 h4 67. Kc1 h3 68. Nd2+ Kxf4 69. Nf1 Kf3 0-1

[Event "NJSK 2023 Jeugd A"]
[Site "Almelo, Netherlands"]
[Date "2023.05.01"]
[Round "2.1"]
[White "Van der Hagen, Loek"]
[Black "Boeren, Jurriaan"]
[Result "1-0"]
[TimeControl "90min/40moves + 30min + 30sec/move"]
[WhiteElo "2273"]
[BlackElo "1979"]

1. e4 e5 2. Nf3 Nc6 3. Bc4 Nf6 4. d3 Bc5 5. Nc3 d6 6. Bg5 h6 7. Bxf6 Qxf6 8. Nd5 Qd8 9. c3 a6 10.
d4 exd4 11. cxd4 Ba7 12. h3 O-O 13. O-O Be6 14. Bb3 Ne7 15. Nf4 Bxb3 16. Qxb3 Qd7 17. Rac1 Bb6 18. a4 Rad8 19. d5 Rde8 20.
Nh5 Ng6 21. Ng3 a5 22. Nd2 Bc5 23. Kh2 Rb8 24. Nf5 b5 25. Qc3 f6 26. Nb3 bxa4 27. Nxc5 dxc5 28. Qg3 Kh7 29. Rxc5 Ne5 30.
Rfc1 Rfc8 31. f4 Ng6 32. d6 cxd6 33. Rxc8 Rxc8 34. Rxc8 Qxc8 35. Qxg6+ 1-0

[Event "NJSK 2023 Jeugd A"]
[Site "Almelo, Netherlands"]
[Date "2023.05.01"]
[Round "2.2"]
[White "Van Kuijk, Vadim"]
[Black "Slagboom, Leandro"]
[Result "1-0"]
[TimeControl "90min/40moves + 30min + 30sec/move"]
[WhiteElo "1968"]
[BlackElo "2228"]

1. e4 c5 2. Nf3 Nc6 3. d4 cxd4 4. Nxd4 e5 5. Nb5 d6 6. c4 Be6 7. N5c3 Nf6 8. Bd3 g6 9. Bg5 Bg7 10.
Nd5 h6 11. Bxf6 Bxf6 12. Nbc3 O-O 13. O-O Rc8 14. b4 Bg5 15. g3 h5 16. f4 exf4 17. gxf4 Bf6 18. e5 dxe5 19. f5 Bxd5 20.
Nxd5 Nxb4 21. Nxb4 Qb6+ 22. Kh1 Qxb4 23. fxg6 fxg6 24. Bxg6 Qxc4 25. Qxh5 Qd5+ 26. Rf3 Rc7 27. Rg1 Bg5 28.
Bf7+ Rfxf7 29. Rxg5+ 1-0

[Event "NJSK 2023 Jeugd A"]
[Site "Almelo, Netherlands"]
[Date "2023.05.01"]
[Round "2.3"]
[White "Achuthan, Dylan"]
[Black "Wierenga, Jael"]
[Result "1/2-1/2"]
[TimeControl "90min/40moves + 30min + 30sec/move"]
[WhiteElo "2045"]
[BlackElo "1772"]

1. d4 d5 2. c4 e6 3. Nf3 a6 4. e3 Nf6 5. Nc3 Be7 6. b3 O-O 7. Be2 b6 8. O-O Bb7 9. Bb2 Nbd7 10.
Bd3 c5 11. Qe2 Qc7 12. Rac1 cxd4 13. exd4 dxc4 14. bxc4 Bd6 15. h3 Rfe8 16. Rfe1 Bf4 17. Rc2 e5 18. Nd5 Nxd5 19. cxd5 Qb8 20.
dxe5 Bxd5 21. Bxh7+ Kh8 22. Be4 Qb7 23. Bxd5 Qxd5 24. Qe4 Qxe4 25. Rxe4 Bh6 26. g4 Nc5 27. Rd4 Ne6 28. Rd6 b5 29.
Kg2 Bf4 30. Rcc6 a5 31. Ne1 Nd8 32. Ra6 Rxa6 33. Rxa6 Bxe5 34. Bxe5 Rxe5 35. Nf3 Rd5 36. Rxa5 Nc6 37. Ra8+ Kh7 38.
Kg3 b4 39. Kf4 Rd3 40. Ra6 Rc3 41. Ke4 f6 42. Rb6 Rc2 43. h4 Ne7 44. Nd4 Rxf2 45. Rb7 Nc8 46. Rc7 Nd6+ 47. Kd5 Rd2 48.
Rd7 Nb5 49. Kc5 Nxd4 50. Rxd4 Rxa2 51. Rxb4 Rh2 52. h5 Kh6 53. Kd4 Rh4 54. Ke3 Kg5 55. Rb7 Rxg4 56. Rxg7+ Kxh5 57. Ra7 Rg5 58.
Kf3 1/2-1/2

[Event "NJSK 2023 Jeugd A"]
[Site "Almelo, Netherlands"]
[Date "2023.05.01"]
[Round "2.4"]
[White "Smid, Jelle"]
[Black "De Winter, Arthur"]
[Result "0-1"]
[TimeControl "90min/40moves + 30min + 30sec/move"]
[WhiteElo "1776"]
[BlackElo "2374"]

1. b3 e5 2. Bb2 Nc6 3. e3 g6 4. Nf3 Bg7 5. Bb5 Nge7 6. O-O O-O 7. d4 e4 8. Nfd2 f5 9. Be2 d6 10.
c4 g5 11. Nc3 g4 12. a3 a5 13. Kh1 Ng6 14. f3 exf3 15. gxf3 f4 16. d5 g3 17. Re1 Qh4 18. Nf1 g2+ 19.
Kxg2 Bh3+ 20. Kg1 Qg5+ 0-1

[Event "NJSK 2023 Jeugd A"]
[Site "Almelo, Netherlands"]
[Date "2023.05.01"]
[Round "2.5"]
[White "Alvares, Thomas"]
[Black "Groen, Jari"]
[Result "1/2-1/2"]
[TimeControl "90min/40moves + 30min + 30sec/move"]
[WhiteElo "1825"]
[BlackElo "2028"]

1. e4 c5 2. Nf3 d6 3. d4 cxd4 4. Nxd4 Nf6 5. Nc3 a6 6. Bg5 e6 7. f4 Be7 8. Qf3 Qc7 9. O-O-O Nbd7 10.
g4 h6 11. Bxf6 Bxf6 12. h4 Nb6 13. g5 Bxd4 14. Rxd4 Qc5 15. Qd3 hxg5 16. b4 Qc7 17. fxg5 Bd7 18. Rxd6 Nc8 19. Rd4 Nb6 20.
Rd6 Nc8 21. Rd4 1/2-1/2

[Event "NJSK 2023 Jeugd A"]
[Site "Almelo, Netherlands"]
[Date "2023.05.01"]
[Round "2.6"]
[White "Goudriaan, Rafael"]
[Black "Bon, Gijs"]
[Result "1/2-1/2"]
[TimeControl "90min/40moves + 30min + 30sec/move"]
[WhiteElo "1992"]
[BlackElo "1805"]

1. e4 c6 2. d4 d5 3. e5 Bf5 4.
Nd2 e6 5. Nb3 Nd7 6. Nf3 Ne7 7. Be2 Bg6 8. O-O Nf5 9. Bd2 Be7 10. g4 Nh4 11. Nxh4 Bxh4 12. f4 Be4 13. Bb4 Be7 14.
Bxe7 Qxe7 15. Nd2 Bg6 16. c4 h5 17. gxh5 Qh4 18. Rf2 Bxh5 19. Rc1 Nb6 20. c5 Nc8 21. Qb3 Rb8 22. Bxh5 Rxh5 23.
Nf1 g5 24. Qg3 Ne7 25. Ne3 gxf4 26. Rxf4 Qxg3+ 27. hxg3 Ng6 28. Rf2 Ke7 29. Rcf1 Rh7 30. Rh2 Rxh2 31. Kxh2 b6 32. cxb6 axb6 33. Rc1 c5 34. dxc5 bxc5 35. b3 Nxe5 36. Rxc5 Ra8 37. Rc2 d4 38.
Nc4 d3 39. Rb2 Nxc4 40. bxc4 e5 41.
Kg2 Kd6 42. Kf3 Kc5 43. Ke3 Kxc4 44. Rb7 e4 45. Rxf7 Rxa2 46. Kxe4 Re2 47. Kf3 Re1 48. Rd7 Kc3 49. g4 d2 50.
Rc7+ Kd3 51. Rd7+ Kc2 52. Rc7+ Kd1 53. Kf4 Rf1+ 54. Ke5 1/2-1/2

[Event "NJSK 2023 Jeugd A"]
[Site "Almelo, Netherlands"]
[Date "2023.05.01"]
[Round "2.7"]
[White "Adams, Oscar"]
[Black "Knol, Daniel"]
[Result "1-0"]
[TimeControl "90min/40moves + 30min + 30sec/move"]
[WhiteElo "1760"]
[BlackElo "1819"]

1. f4 d5 2. Nf3 Nf6 3. b3 e6 4.
Bb2 c5 5. e3 Be7 6. Bb5+ Nbd7 7. Bxd7+ Bxd7 8. O-O O-O 9.
a4 a6 10. a5 b5 11. axb6 Qxb6 12. d3 Rfd8 13. Ne5 c4 14. Bd4 Bc5 15. dxc4 Be8 16. c3 Ne4 17. Nd2 Bxd4 18. cxd4 Nxd2 19.
Qxd2 Qxb3 20. Rfb1 1-0

[Event "NJSK 2023 Jeugd A"]
[Site "Almelo, Netherlands"]
[Date "2023.05.01"]
[Round "2.8"]
[White "Van Rootselaar, Rik"]
[Black "Moskalets, Sofiia"]
[Result "0-1"]
[TimeControl "90min/40moves + 30min + 30sec/move"]
[WhiteElo "1812"]
[BlackElo "1722"]

1. e4 c5 2. Nf3 Nc6 3. Bb5 Na5 4. c3 a6 5. Ba4 b5 6. Bc2 e6 7. O-O Bb7 8. d4 cxd4 9. cxd4 Qc7 10.
Nc3 Rc8 11. Bd3 b4 12. Ne2 Nf6 13. Bf4 Qb6 14. Rc1 Rc6 15. d5 Rxc1 16. Qxc1 Bc5 17. dxe6 dxe6 18. Qc2 Nh5 19. Ne5 Nxf4 20.
Nxf4 b3 21. axb3 Bd6 22. Qc3 Qc7 23. Ra1 Qxc3 24. bxc3 Bxe5 25. Rxa5 Bxf4 26. Bxa6 Bxa6 27. Rxa6 Ke7 28. Rb6 Rb8 29.
Rxb8 Bxb8 30. Kf1 Be5 31. c4 Kd6 32. Ke2 Kc5 33. Kd3 Kb4 34. g3 Kxb3 35. f4 Bd6 36. Kd4 Kb4 37. h3 Bc5 38.
Ke5 Kxc4 39. g4 Kd3 40. f5 Bd4+ 41. Kf4 e5+ 42. Kf3 f6 43. h4 Be3 0-1

[Event "NJSK 2023 Jeugd A"]
[Site "Almelo, Netherlands"]
[Date "2023.05.02"]
[Round "3.1"]
[White "Van Kuijk, Vadim"]
[Black "Van der Hagen, Loek"]
[Result "0-1"]
[TimeControl "90min/40moves + 30min + 30sec/move"]
[WhiteElo "1968"]
[BlackElo "2273"]

1. e4 c5 2. Nf3 Nc6 3. d4 cxd4 4. Nxd4 Nf6 5. Nc3 d6 6. Bg5 Bd7 7. Nxc6 Bxc6 8. Bb5 Bxb5 9. Bxf6 gxf6 10.
Nxb5 Qa5+ 11. Nc3 f5 12. Qd5 Qxd5 13. Nxd5 Rc8 14. exf5 Rxc2 15. O-O Kd7 16. Rac1 Rxc1 17. Rxc1 e6 18.
Rc7+ Kd8 19. Rxf7 exd5 20. Rxb7 a6 21. Ra7 Kc8 22. f6 Kb8 23. Rd7 d4 24. Kf1 d3 25. Ke1 Bh6 26. f7 Rc8 27.
f4 Bxf4 28. g3 Be3 29. Kf1 Rf8 30. Re7 Bh6 31. g4 Kc8 32. g5 Bg7 33. Ke1 Kd8 34. Ra7 Be5 35. Kd2 Bf4+ 36. Kxd3 Bxg5 37. Rxa6 Kd7 38. b4 Ke6 39. Ra7 Rxf7 40.
Rxf7 Kxf7 41. a4 Ke6 42. a5 Bh4 43. b5 Be1 44. a6 Bf2 45. Ke4 d5+ 46. Kf4 Bc5 47. h4 h6 0-1

[Event "NJSK 2023 Jeugd A"]
[Site "Almelo, Netherlands"]
[Date "2023.05.02"]
[Round "3.2"]
[White "De Winter, Arthur"]
[Black "Achuthan, Dylan"]
[Result "1-0"]
[TimeControl "90min/40moves + 30min + 30sec/move"]
[WhiteElo "2374"]
[BlackElo "2045"]

1. e4 c5 2. Nf3 Nc6 3. d4 cxd4 4. Nxd4 e5 5. Nb5 d6 6. N1c3 a6 7. Na3 b5 8. Nd5 Nge7 9. Bd3 Nxd5 10.
exd5 Nd4 11. c3 Nf5 12. Nc2 g6 13. Nb4 Bd7 14. a4 bxa4 15. O-O Bg7 16. Nc6 Bxc6 17. dxc6 d5 18. Qxa4 O-O 19.
Rd1 Qb6 20. Bxf5 gxf5 21. Rxd5 Rfc8 22. Be3 Qxb2 23. Rad1 Qxc3 24. Rc5 Qb2 25. c7 f4 26. Bc1 Qb6 27. Qc4 Qe6 28. Qe4 h6 29.
Qxa8 Rxa8 30. Rd8+ Kh7 31. Rxa8 Qd6 32. Rd8 1-0

[Event "NJSK 2023 Jeugd A"]
[Site "Almelo, Netherlands"]
[Date "2023.05.02"]
[Round "3.3"]
[White "Wierenga, Jael"]
[Black "Alvares, Thomas"]
[Result "1-0"]
[TimeControl "90min/40moves + 30min + 30sec/move"]
[WhiteElo "1772"]
[BlackElo "1825"]

1. d4 Nf6 2. Nc3 d5 3. Bf4 c5 4. e4 dxe4 5. dxc5 Qxd1+ 6. Rxd1 Bd7 7. f3 e6 8. b4 a5 9. a3 axb4 10.
axb4 Nc6 11. Nb5 Ra4 12. c3 exf3 13. Nxf3 Nd5 14. Nc7+ Nxc7 15. Bxc7 Be7 16. b5 Na5 17. c6 bxc6 18.
b6 Bc8 19. Be2 Ra2 20. Ne5 O-O 21. Bf3 Bc5 22. Rf1 Ba6 23. Nd3 Bxd3 24. Rxd3 Rb2 25. b7 Nxb7 26. Bxc6 Rc8 27. Rd7 f6 28.
Rf4 Ra8 29. Bf3 Ra1+ 30. Rd1 Rxd1+ 31. Kxd1 Kf7 32. Rc4 Be7 {time} 1-0

[Event "NJSK 2023 Jeugd A"]
[Site "Almelo, Netherlands"]
[Date "2023.05.02"]
[Round "3.4"]
[White "Slagboom, Leandro"]
[Black "Adams, Oscar"]
[Result "1-0"]
[TimeControl "90min/40moves + 30min + 30sec/move"]
[WhiteElo "2228"]
[BlackElo "1760"]

1. d4 d6 2. e4 c6 3. Nf3 g6 4. Bd3 Bg7 5. h3 Na6 6. c3 Nf6 7. O-O Nc7 8. Be3 O-O 9. Nbd2 Be6 10.
a4 Nh5 11. Re1 f5 12. exf5 Bxf5 13. Bf1 Be6 14. Ng5 Qd7 15. Nxe6 Nxe6 16. Qg4 Nf6 17. Qh4 Kh8 18. Bd3 Nh5 19.
g3 Rf7 20. Ne4 Raf8 21. Re2 Nef4 22. gxf4 Rxf4 23. Bxf4 Rxf4 24. Qg5 Qxh3 25. Qg2 Qxd3 26. Re3 Qc4 27. Ng3 Nxg3 28. fxg3 Rf7 29.
Rf3 e5 30. Rxf7 Qxf7 31. dxe5 Bxe5 32. Rf1 Qe7 33. Qf2 Kg7 34. a5 c5 35. Kg2 Bf6 36. Qf3 Be5 37. Qd5 Qd7 38. Rf3 Qe7 39.
b4 b6 40. a6 Bf6 41. Qb7 Kf7 42. Re3 Be5 43. bxc5 bxc5 44. Re2 Ke6 45. c4 Qd7 46. Rf2 d5 47. Re2 Qd6 48. Qxa7 dxc4 49.
Qxh7 Qc6+ 50. Kh2 Kd5 51. a7 Qa8 52. Qd7+ Bd6 53. Qe6+ Kd4 54. Qe3+ 1-0

[Event "NJSK 2023 Jeugd A"]
[Site "Almelo, Netherlands"]
[Date "2023.05.02"]
[Round "3.5"]
[White "Boeren, Jurriaan"]
[Black "Smid, Jelle"]
[Result "1/2-1/2"]
[TimeControl "90min/40moves + 30min + 30sec/move"]
[WhiteElo "1979"]
[BlackElo "1776"]

1. e4 e6 2. d4 d5 3. exd5 exd5 4. Nf3 Nf6 5. Bd3 c5 6. O-O c4 7. Re1+ Be7 8. Bf1 O-O 9. b3 cxb3 10.
axb3 Nc6 11. Bg5 Bg4 12. c3 h6 13. Bh4 Ne4 14. Bxe7 Nxe7 15. h3 Bxf3 16. Qxf3 Nc6 17. Bd3 f5 18.
Qe2 Qb6 19. f3 Nxc3 20. Qe6+ Kh8 21. Bxf5 Nxb1 22. Raxb1 Qxd4+ 23. Kh1 Qf6 24. Qxf6 Rxf6 25. Be6 Rd8 26. Rbd1 a5 27.
Kg1 d4 28. Kf2 g6 29. Bc4 Kg7 30. Re4 Rf5 31. g4 Re5 32. Rxe5 Nxe5 33. f4 Nxc4 34. bxc4 Kf6 35. Rb1 Rd7 36.
Ke2 d3+ 37. Ke3 d2 38. Rd1 Re7+ 39. Kd3 Rd7+ 40. Ke3 Re7+ 41. Kd3 Rd7+ 42. Ke3 Re7+ 1/2-1/2

[Event "NJSK 2023 Jeugd A"]
[Site "Almelo, Netherlands"]
[Date "2023.05.02"]
[Round "3.6"]
[White "Moskalets, Sofiia"]
[Black "Goudriaan, Rafael"]
[Result "1-0"]
[TimeControl "90min/40moves + 30min + 30sec/move"]
[WhiteElo "1722"]
[BlackElo "1992"]

1. d4 Nf6 2. Nc3 d5 3. Bf4 a6 4. e3 h6 5. h3 e6 6. a3 Bd6 7. Nf3 c5 8. Bxd6 Qxd6 9. Ne5 Nc6 10. f4 g5 11. g3 Ne7 12.
Qf3 Nd7 13. Be2 Nf5 14. O-O-O Nxe5 15. fxe5 Qe7 16. Na4 cxd4 17. exd4 Rb8 18. Qf2 b6 19. Bd3 Ng7 20. g4 Bd7 21.
Nc3 b5 22. Qf6 Kf8 23. h4 gxh4 24. Rxh4 Qxf6 25. exf6 Ne8 26. g5 Rg8 27. gxh6 Nxf6 28. Rf1 Ke7 29. Rhf4 Nh5 30. Rxf7+ Kd6 31.
Ne2 Rh8 32. h7 b4 33. axb4 Ra8 34. c3 Be8 35. Rf8 Bc6 36. Rxa8 Bxa8 37. Rf7 Bc6 38. Kd2 Bd7 39. Ke3 e5 40.
dxe5+ Ke6 41. Bg6 Be8 42. Nd4+ Kxe5 43.
Re7+ 1-0

[Event "NJSK 2023 Jeugd A"]
[Site "Almelo, Netherlands"]
[Date "2023.05.02"]
[Round "3.7"]
[White "Groen, Jari"]
[Black "Bon, Gijs"]
[Result "1-0"]
[TimeControl "90min/40moves + 30min + 30sec/move"]
[WhiteElo "2028"]
[BlackElo "1805"]

1. e4 c6 2. d4 d5 3. e5 Bf5 4. Nf3 e6 5. Be2 c5 6. Be3 Qb6 7. Nc3 Qxb2 8. Qb1 Qxb1+ 9. Rxb1 b6 10.
dxc5 bxc5 11. Rb7 d4 12. Bxd4 cxd4 13. Nxd4 Bc5 14. Nxf5 exf5 15. Nd5 Bb6 16. Rxb6 axb6 17. Nc7+ Ke7 18.
Nxa8 Nd7 19. Kd2 Nh6 20. Nc7 Rc8 21. Nd5+ Ke6 22. c4 Kxe5 23. Rb1 Rb8 24. Rb5 Kd6 25. h3 Ng8 26. Kc3 g6 27.
a4 Ne7 28. Nxb6 Nxb6 29. c5+ Kc7 30. cxb6+ Rxb6 31. Bf3 Rxb5 32. axb5 Nc8 33. Kd4 Kd6 34. Bd5 f6 35. Bg8 h6 36.
Bf7 g5 37. g3 Ne7 38. Bc4 h5 39. Bd3 h4 40. gxh4 gxh4 41. Kc4 f4 42. Kd4 Nd5 43. Bc4 Nb6 44. Bg8 Nc8 45. Bf7 Ne7 46. Ke4 Kc5 47. Be8 Nd5 48. Bc6 Nc3+ 49. Kxf4 Nd1 50. Kf3 Kd6 51.
Ke2 Nc3+ 52. Kd2 Na4 53. Kd3 Ke5 54. Ke3 Kf5 55. Kf3 Nb6 56. Ke3 Ke5 57. f4+ Kf5 58. Be4+ Ke6 59. f5+ Ke5 60.
Kf3 Nc4 61. Bd3 Nd6 62. b6 Kd5 63. Be4+ Ke5 64. Bd3 Kd4 65. Ba6 Ke5 66. Kg4 Ke4 67. b7 Nxb7 68. Bxb7+ Kd4 1-0

[Event "NJSK 2023 Jeugd A"]
[Site "Almelo, Netherlands"]
[Date "2023.05.02"]
[Round "3.8"]
[White "Knol, Daniel"]
[Black "Van Rootselaar, Rik"]
[Result "1/2-1/2"]
[TimeControl "90min/40moves + 30min + 30sec/move"]
[WhiteElo "1819"]
[BlackElo "1812"]

1. e4 c5 2. c3 d5 3. exd5 Qxd5 4. d4 Nc6 5. Nf3 Nf6 6. Be3 cxd4 7. cxd4 e6 8. Nc3 Qd8 9. Bc4 Be7 10.
O-O O-O 11. a3 a6 12. d5 exd5 13. Nxd5 Nxd5 14. Bxd5 Bf6 15. Qb3 Na5 16. Qa2 Bf5 17. Rad1 Qd7 18. Bg5 Rad8 19. Ne5 Qe7 20.
Bxf6 Qxf6 21. Nxf7 Rb8 22. Nh6+ Kh8 23. Nf7+ Kg8 24. Nh6+ Kh8 25. Nf7+ 1/2-1/2

[Event "NJSK 2023 Jeugd A"]
[Site "Almelo, Netherlands"]
[Date "2023.05.03"]
[Round "4.1"]
[White "Van der Hagen, Loek"]
[Black "Wierenga, Jael"]
[Result "1-0"]
[TimeControl "90min/40moves + 30min + 30sec/move"]
[WhiteElo "2273"]
[BlackElo "1772"]

1. e4 c5 2. Nc3 d6 3. d4 cxd4 4. Qxd4 Nc6 5. Qd2 e6 6. b3 Nf6 7. Bb2 Be7 8. O-O-O Qa5 9. Kb1 O-O 10.
f3 b6 11. g4 Bb7 12. a3 d5 13. g5 Nh5 14. exd5 Rfd8 15. Qc1 exd5 16. b4 Bxb4 17. axb4 Nxb4 18. Rd4 Rac8 19. Qd2 g6 20.
Nge2 Ng7 21. Nc1 Qc5 22. Nb3 Qe7 23. Bh3 Ne6 24. Re1 a5 25. Rh4 Rc4 26. Bxe6 Rxh4 27. Bg4 Qc7 28. Re2 Bc6 29.
Qd4 Rxh2 30. Nb5 Rh1+ 31. Nc1 Rxc1+ 32. Kxc1 Nd3+ 33. cxd3 Bxb5+ 34. Rc2 1-0

[Event "NJSK 2023 Jeugd A"]
[Site "Almelo, Netherlands"]
[Date "2023.05.03"]
[Round "4.2"]
[White "De Winter, Arthur"]
[Black "Van Kuijk, Vadim"]
[Result "1-0"]
[TimeControl "90min/40moves + 30min + 30sec/move"]
[WhiteElo "2374"]
[BlackElo "1968"]

1. e4 c6 2. d4 d5 3. e5 Bf5 4. h4 h5 5. Bd3 Bxd3 6. Qxd3 Qa5+ 7. b4 Qxb4+ 8. Nd2 e6 9. Rb1 Qe7 10.
Ne2 Nh6 11. Nf3 Nf5 12. Ng3 Nxg3 13. fxg3 f6 14. O-O c5 15. Ng5 f5 16. c4 Qd7 17. cxd5 Qxd5 18. Nxe6 Qxe6 19. d5 Qa6 20.
Qxf5 Nd7 21. Bg5 1-0

[Event "NJSK 2023 Jeugd A"]
[Site "Almelo, Netherlands"]
[Date "2023.05.03"]
[Round "4.3"]
[White "Moskalets, Sofiia"]
[Black "Slagboom, Leandro"]
[Result "1/2-1/2"]
[TimeControl "90min/40moves + 30min + 30sec/move"]
[WhiteElo "1722"]
[BlackElo "2228"]

1. e4 e6 2. d4 d5 3. Nd2 c5 4. exd5 Qxd5 5. Ngf3 cxd4 6. Bc4 Qd6 7. O-O Nf6 8. Nb3 Nc6 9. Nbxd4 Nxd4 10.
Nxd4 Be7 11. c3 O-O 12. Qf3 Qc7 13. Bd3 Bd7 14. Re1 Nd5 15. Nf5 exf5 16. Qxd5 Be6 17. Qf3 g6 18. Bf4 Qb6 19.
Re2 Bf6 20. Bh6 Rfd8 21. Rae1 Bg7 22. Bg5 Rd7 23. h4 h6 24. Bf4 Rad8 25. Bc2 Qxb2 26. Bxf5 Qxc3 27. Re3 Qd4 28. Bxe6 fxe6 29.
Rxe6 Rf8 30. R6e4 Qd5 31. Qg4 Kh7 32. Bg3 Rdf7 33. Re6 Qf5 34. Qb4 a6 35. R1e3 Qc2 36. Re2 Qd1+ 37. Kh2 Qd5 38. Rd6 Qf5 39. Ree6 Bf6 40. Qb6 Kg7 41. Kg1 g5 42.
h5 g4 43. Qb4 Qxh5 44. Re4 Kh7 45. Rxg4 Qf5 46. Rf4 Qc2 47. Qb6 Bg7 48. Rxf7 Rxf7 49. Qe3 Rf5 50. Qd3 1/2-1/2